 Dungeon Crawl Stone Soup version 0.25-a0-927-g39f137c8b7 (webtiles) character file.

Game seed: 610864714570370687, levelgen mode: deterministic

35 Maedhros the Sneak (level 3, -1/23 HPs)
             Began as an Octopode Artificer on May 3, 2020.
             Slain by an ogre
             ... wielding a +0 giant club
              (18 damage)
             ... on level 4 of the Dungeon.
             The game lasted 00:01:15 (919 turns).

Maedhros the Sneak (Octopode Artificer)              Turns: 919, Time: 00:01:16

Health: -1/23      AC:  1    Str: 11    XL:     3   Next: 33%
Magic:  5/5        EV: 13    Int: 13    God:
Gold:   101        SH:  0    Dex: 13    Spells: 2/2 levels left

rFire    . . .     SeeInvis .   a - +0 short sword
rCold    . . .     Gourm    .   (no shield)
rNeg     . . .     Faith    .   (helmet restricted)
rPois    .         Spirit   .   (no amulet)
rElec    .         Reflect  .   (no ring)
rCorr    .         Harm     .   (no ring)
MR       .....                  (no ring)
Stlth    +++.......             (no ring)
HPRegen  0.07/turn              (no ring)
MPRegen  0.09/turn              (no ring)
                                (no ring)
                                (no ring)

@: no status effects
A: almost no armour, stealthy swim, amphibious, 8 rings, constrict 8, camouflage
1, gelatinous body 1
a: no special abilities


You were on level 4 of the Dungeon.
You were not hungry.

You visited 1 branch of the dungeon, and saw 4 of its levels.

You collected 101 gold pieces.

Inventory:

Hand Weapons
 a - a +0 short sword (weapon)
 h - a +0 hunting sling of flaming
Wands
 b - a wand of flame (11)
 c - a wand of enslavement (15)
 d - a wand of random effects (15)
Scrolls
 e - a scroll of identify
Potions
 g - 2 potions of haste
 j - a potion of resistance {unknown}
Comestibles
 f - 3 rations


   Skills:
 - Level 1.0 Fighting
 - Level 1.0 Short Blades
 - Level 2.0 Dodging
 - Level 4.0 Stealth
 + Level 1.3 Unarmed Combat
 - Level 3.2 Evocations


You had 2 spell levels left.
You didn't know any spells.
Your spell library was empty.

Dungeon Overview and Level Annotations

Branches:
Dungeon (4/15)
 Temple: D:4-7

Altars:

Annotations:
D:2 Natasha


Innate Abilities, Weirdness & Mutations

You cannot wear most types of armour.
You are very stealthy in the water. (Stealth+)
You are amphibious.
You can wear up to eight rings at the same time.
You can use your tentacles to constrict eight enemies at once.
Your skin changes colour to match your surroundings (Stealth+).
Your rubbery body absorbs attacks. (AC +1, EV +1)


Message History

An ogre is nearby!
The helpless ogre fails to defend itself.
You puncture the ogre!
The ogre is heavily wounded.
The ogre hits you with a +0 giant club.
Evoke which item? (* to show all) (? for menu, Esc to quit)
Aiming: Throw Flame
Press: ? - help, Shift-Dir - straight line, f - ogre
Aim: an ogre, wielding a +0 giant club (heavily wounded)
The puff of flame hits the ogre!
The ogre is severely wounded.
Evoke which item? (* to show all) (? for menu, Esc to quit)
Aiming: Throw Flame
Press: ? - help, Shift-Dir - straight line, f/p - ogre
Aim: an ogre, wielding a +0 giant club (severely wounded)
The puff of flame hits the ogre.
The ogre is almost dead.
The ogre hits you with a +0 giant club!!
Ouch! That really hurt!
You die...

#..# #..#
#..# #..#
######..#
#.......#
#(####.##
#O#.###
#.@...#
#.#####
#. #. #.
#. #. #.


You could see an ogre.

Vanquished Creatures
  A dart slug (D:1)
  An orc (D:3)
  9 bats
  2 giant cockroaches (D:1)
  4 hobgoblins
  2 jackals (D:1)
  3 kobolds
  2 goblins (D:1)
  4 rats
28 creatures vanquished.

Notes
Turn   | Place    | Note
-------+----------+-------------------------------------------
     0 | D:1      | Maedhros the Octopode Artificer began the quest for the
                  | Orb.
     0 | D:1      | Reached XP level 1. HP: 13/13 MP: 3/3
    19 | D:1      | Reached skill level 2 in Stealth
    85 | D:1      | Reached XP level 2. HP: 17/18 MP: 4/4
   106 | D:1      | Reached skill level 3 in Stealth
   408 | D:2      | Reached skill level 4 in Stealth
   442 | D:2      | Reached XP level 3. HP: 23/23 MP: 5/5
   467 | D:2      | Reached skill level 1 in Unarmed Combat
   811 | D:2      | Noticed Natasha
   914 | D:4      | Noticed an ogre
   919 | D:4      | Slain by an ogre

Levels and vault maps discovered:
D:1:      dpeg_arrival_subterranean_lakeside_camping, layout_rooms,
          minmay_pentomino_q4
D:2:      minmay_spotlight, layout_basic, uniq_natasha
D:3:      layout_loops_ring, yredelemnul_forgotten_temple_becter,
          minmay_fractal_squares_gapless_5
D:4:      gammafunk_steamed_eel, layout_basic, temple_hall, first_ration

Skill      XL: |  1  2  3 |
---------------+----------+-----
Stealth        | 2 4 |  4.0
Unarmed Combat | 1 |  1.3
Fighting       | |  1.0
Short Blades   | |  1.0
Dodging        | |  2.0
Evocations     | |  3.2

Action                   || total
-------------------------++-------
Melee: Short sword       ||    45
       Constrict         ||    11
       Tentacles         ||     3
Evoke: Wand              ||     4
  Use: Scroll            ||     4
 Stab: Sleeping          ||     9
Armor: Skin              ||     5
Dodge: Dodged            ||    24

Table legend:
 A = Non-vault XP
 B = Vault XP
 C = Vault XP percentage of total XP
 D = Non-vault monster count
 E = Vault monster count
 F = Vault count percentage of total count
                 A         B        C        D         E       F
            +---------+---------+-------+---------+---------+-------
      Total |      42 |       8 |  16.0 |      22 |       6 |  21.4
            +---------+---------+-------+---------+---------+-------
        D:1 |      21 |       8 |  27.6 |      11 |       6 |  35.3
        D:2 |      16 |       0 |   0.0 |       9 |       0 |   0.0
        D:3 |       5 |       0 |   0.0 |       2 |       0 |   0.0
            +---------+---------+-------+---------+---------+-------
